 Dungeon Crawl Stone Soup version 0.18.1-50-g88ac8fd (webtiles) character file.

585 Lingam the Conjurer (level 7, -3/37 HPs)
             Began as a Deep Elf Conjurer on Sept 23, 2016.
             Was an Initiate of Vehumet.
             Slain by a wight
             ... wielding a cursed +0 halberd
              (4 damage)
             ... on level 6 of the Dungeon.
             The game lasted 00:31:08 (2230 turns).

Lingam the Conjurer (Deep Elf Conjurer)             Turns: 2230, Time: 00:31:09

Health: -3/37      AC:  6    Str:  5    XL:     7   Next: 15%
Magic:  13/17      EV: 14    Int: 22    God:    Vehumet [......]
Gold:   266        SH:  0    Dex: 15    Spells: 6 memorised, 0 levels left

rFire  . . .     SeeInvis .     l - +0 dagger
rCold  . . .     Gourm    .     a - +0 robe
rNeg   . . .     Faith    .     (no shield)
rPois  .         Spirit   .     i - +2 hat
rElec  .         Dismiss  .     (no cloak)
rCorr  .         Reflect  .     h - +1 pair of gloves
SustAt .         Harm     .     (no boots)
MR     .....                    e - amulet of magic regeneration
Stlth  ++........               (no ring)
                                (no ring)

@: drained, not resistant to hostile enchantments, unstealthy
A: no striking features
a: Renounce Religion


You were on level 6 of the Dungeon.
You worshipped Vehumet.
Vehumet was noncommittal.
You were not hungry.

You visited 2 branches of the dungeon, and saw 7 of its levels.

You collected 266 gold pieces.

Inventory:

Hand Weapons
 l - a +0 dagger (weapon)
 r - a +0 short sword
Missiles
 j - 23 sling bullets
Armour
 a - a +0 robe (worn)
 h - a +1 pair of gloves (worn)
 i - a +2 hat (worn)
Jewellery
 e - an amulet of magic regeneration (around neck)
Wands
 v - a wand of teleportation (3/9)
Scrolls
 d - 2 scrolls of remove curse
 f - 2 scrolls of identify
 g - a scroll of enchant weapon
 n - a scroll of amnesia {unknown}
 o - 2 scrolls of blinking {unknown}
 s - a scroll of teleportation
 u - a scroll of random uselessness {unknown}
Potions
 k - a potion of mutation {unknown}
 p - a potion of invisibility {unknown}
 t - a potion of flight {unknown}
Books
 b - a book of Conjurations

   Spells                             Type                      Level
   a - Magic Dart                     Conjuration                  1
   b - Searing Ray                    Conjuration                  2
   c - Dazzling Spray                 Conjuration/Hexes            3
   d - Fulminant Prism                Conjuration/Hexes            4
   e - Iskenderun's Mystic Blast      Conjuration                  4
   f - Iskenderun's Battlesphere      Conjuration/Charms           5
 m - a book of Spatial Translocations

   Spells                             Type                      Level
   a - Apportation                    Translocation                1
   b - Blink                          Translocation                2
   c - Shroud of Golubria             Charms/Translocation         2
   d - Portal Projectile              Translocation                3
   e - Teleport Other                 Translocation                3
   f - Passage of Golubria            Translocation                4
 q - a book of Callings

   Spells                             Type                      Level
   a - Summon Small Mammal            Summoning                    1
   b - Call Imp                       Summoning                    2
   c - Call Canine Familiar           Summoning                    3
   d - Summon Guardian Golem          Hexes/Summoning              3
   e - Summon Lightning Spire         Summoning/Air                4
   f - Summon Ice Beast               Ice/Summoning                4


   Skills:
 + Level 0.5(0.1) Fighting
 + Level 4.4(4.0) Dodging
 + Level 3.9(3.4) Stealth
 + Level 5.8(5.3) Spellcasting
 + Level 7.2(6.7) Conjurations


You couldn't memorise any spells.
You knew the following spells:

 Your Spells              Type           Power        Failure   Level  Hunger
a - Magic Dart            Conj           ####         1%          1    None
b - Searing Ray           Conj           #####.       1%          2    None
c - Dazzling Spray        Conj/Hex       ###...       10%         3    ##.....
d - Iskenderun's Mystic   Conj           #####...     8%          4    ####...
e - Blink                 Tloc           N/A          17%         2    None
f - Iskenderun's Battles  Conj/Chrm      ###.....     75%         5    #####..


Dungeon Overview and Level Annotations

Branches:
Dungeon (6/15)             Temple (1/1) D:6

Altars:
Ashenzari
Cheibriados
Dithmenos
Elyvilon
Gozag
Kikubaaqudgha
Makhleb
Nemelex Xobeh
Okawaru
Pakellas
Qazlal
Ru
Sif Muna
Trog
Vehumet
Xom
Yredelemnul
Zin
The Shining One


Message History

Press: ? - help, Shift-Dir - straight line, f - wight
Aim: a wight, wielding a halberd and wearing a robe (resting)
The searing ray hits the wight.
The wight closely misses you.
The searing ray hits the wight.
The wight is moderately damaged.
The wight misses you.
The searing ray hits the wight.
The wight is severely damaged.
The wight hits you with an enchanted long sword.
* * * LOW HITPOINT WARNING * * *
You feel drained. The wight barely misses you.
The searing ray hits the wight.
You destroy the wight!
Vehumet accepts your kill.
The searing ray hits the wight.
The wight is lightly damaged.
The wight hits you from afar with a halberd!
* * * LOW HITPOINT WARNING * * *
You feel drained.
You die...

#.# # .#
###.#######. .##
# #........#.##
##..
#.#.#.####.#..##
..# #.#.#.#
#.#.#.#.#..
#.....#
#......##).
#####.###
###.#####..
#..z#.#
#.#####.#
#..zz@#
#####.......#
#...###
#.....#######
#..... #.....# #
#.##. #.....####
# # #.
#.....##.#### #
#.###.#...... #.
#......## #
#.#...#..
..>.#.##.#


You could see 3 wights.

Vanquished Creatures
  A phantom (D:6)
  An ogre (D:6)
  A scorpion (D:4)
  A wight (D:6)
  A hound (D:6)
  3 orc wizards (D:5)
  A giant frog skeleton (D:4)
  2 worker ants
  9 adders
  An adder skeleton (D:5)
  A worm (D:2)
  A dart slug (D:3)
  3 giant geckos
  6 orcs
  4 bats
  A giant cockroach (D:4)
  4 goblins
  3 hobgoblins
  A ball python (D:6)
  A giant newt (D:3)
  A kobold (D:3)
  3 rats
50 creatures vanquished.

Notes
Turn   | Place    | Note
--------------------------------------------------------------
     0 | D:1      | Lingam the Deep Elf Conjurer began the quest for the Orb.
     0 | D:1      | Reached XP level 1. HP: 10/10 MP: 6/6
   114 | D:2      | Reached XP level 2. HP: 15/15 MP: 2/8
   244 | D:2      | Reached skill level 5 in Conjurations
   306 | D:2      | Learned a level 2 spell: Searing Ray
   506 | D:3      | Reached XP level 3. HP: 15/19 MP: 0/9
   774 | D:4      | Learned a level 3 spell: Dazzling Spray
   861 | D:4      | Noticed a scorpion
   989 | D:4      | Killed a scorpion
   989 | D:4      | Reached XP level 4. HP: 24/24 MP: 1/11
  1009 | D:4      | Reached skill level 6 in Conjurations
  1022 | D:4      | Reached XP level 5. HP: 21/28 MP: 3/13
  1130 | D:4      | Learned a level 4 spell: Iskenderun's Mystic Blast
  1133 | D:4      | Learned a level 2 spell: Blink
  1222 | D:5      | Entered Level 5 of the Dungeon
  1432 | D:5      | Found a glowing golden altar of the Shining One.
  1634 | D:5      | Reached XP level 6. HP: 12/32 MP: 2/14
  1780 | D:6      | Found a staircase to the Ecumenical Temple.
  1820 | Temple   | Entered the Ecumenical Temple
  1968 | Temple   | Became a worshipper of Vehumet
  2067 | D:6      | Found a burning altar of Makhleb.
  2109 | D:6      | Reached skill level 5 in Spellcasting
  2158 | D:6      | Reached skill level 7 in Conjurations
  2158 | D:6      | Reached XP level 7. HP: 3/37 MP: 12/17
  2184 | D:6      | Learned a level 5 spell: Iskenderun's Battlesphere
  2230 | D:6      | HP: 1/37 [wight/halberd (8)]
  2230 | D:6      | Slain by a wight

Skill      XL: |  1  2  3  4  5  6 |
---------------+-------------------+-----
Conjurations   | 5 6 7 |  7.2
Stealth        | 3 |  3.9
Dodging        | 3 4 |  4.4
Spellcasting   | 4 5 |  5.8
Fighting       | |  0.5

Action                   |  1- 3 |  4- 6 |  7- 9 || total
-------------------------+-------+-------+-------++-------
Melee: Dagger            |     9 |    14 |       ||    23
       Unarmed           |     1 |       |       ||     1
 Cast: Magic Dart        |    39 |     2 |       ||    41
       Searing Ray       |     7 |    30 |     2 ||    39
       Dazzling Spray    |     1 |       |       ||     1
       Iskenderun's Myst |       |     3 |       ||     3
  Use: Scroll            |     6 |       |       ||     6
       Potion            |     2 |       |       ||     2
 Stab: Sleeping          |     1 |       |       ||     1
  Eat: Bread ration      |       |     1 |     1 ||     2
Armor: Robe              |     4 |     9 |       ||    13
Dodge: Dodged            |    18 |    24 |     5 ||    47
